 Dungeon Crawl Stone Soup version 0.16.1-16-gc44b35d (webtiles) character file.

3241 KarvaRausku the Severer (level 9, -2/70 HPs)
             Began as a Minotaur Berserker on Apr 16, 2015.
             Was an Elder of Trog.
             Slain by an orc knight
             ... wielding a +0 broad axe
              (7 damage)
             ... in a bailey.
             The game lasted 00:14:40 (5014 turns).

KarvaRausku the Severer (Minotaur Berserker)        Turns: 5014, Time: 00:14:40

Health: -2/70      AC: 19    Str: 24    XL:     9   Next: 67%
Magic:  4/4        EV:  8    Int:  4    God:    Trog [****..]
Gold:   361        SH:  0    Dex: 11    Spells: 0 memorised, 8 levels left

rFire  . . .     SeeInvis .     E - +1 battleaxe (distort)
rCold  . . .     Clarity  .     v - +4 chain mail
rNeg   . . .     SustAb   .     (no shield)
rPois  .         Gourm    +     (helmet restricted)
rElec  .         Spirit   .     y - +0 cloak
rCorr  .         Warding  .     L - +1 pair of gloves
rMut   .         Stasis   .     N - +0 pair of boots
MR     .....                    j - amulet of the gourmand
Stlth  ..........               (no ring)
                                s - +2 ring of protection

@: exhausted, slowed, very slow, not resistant to hostile enchantments,
extremely unstealthy
A: retaliatory headbutt, horns 2
a: Burn Spellbooks, Berserk, Trog's Hand, Brothers in Arms, Renounce Religion


You were in a bailey.
You worshipped Trog.
Trog was greatly pleased with you.
You were full.

You visited 2 branches of the dungeon, and saw 8 of its levels.
You also visited: Bailey.

You collected 361 gold pieces.

Inventory:

Hand weapons
 a - a +0 war axe
 B - a +0 hand axe
 E - a +1 battleaxe of distortion (weapon)
Missiles
 p - 3 javelins (quivered)
Armour
 n - a +0 leather armour
 v - a +4 chain mail (worn)
 y - a +0 cloak (worn)
 z - a +0 cloak
 F - a +0 animal skin
 H - a +0 plate armour
 L - a +1 pair of gloves (worn)
 N - a +0 pair of boots (worn)
Magical staves
 w - an uncursed staff of conjuration {unknown}
Rods
 b - a +2 iron rod (11/11)
   (You found it on level 5 of the Dungeon)
 C - a -1 lightning rod (10/10)
   (You found it on level 7 of the Dungeon)
Jewellery
 i - an uncursed amulet of faith
 j - an amulet of the gourmand (around neck)
 s - a +2 ring of protection (left hand)
Magical devices
 J - a wand of cold (14)
 M - a wand of lightning (7)
Scrolls
 d - 3 scrolls of immolation
 k - 3 scrolls of identify
 l - a scroll of amnesia
 m - 2 scrolls of magic mapping
 t - 3 scrolls of remove curse
 x - a scroll of recharging
Potions
 e - 2 potions of agility {unknown}
 f - a potion of degeneration {unknown}
 h - 2 potions of curing {unknown}
 o - 2 potions of heal wounds {unknown}
 q - a potion of might {unknown}
 u - a potion of resistance
 A - 2 potions of brilliance {unknown}
 G - 2 potions of restore abilities {unknown}
 I - 2 potions of cancellation {unknown}
 K - a potion of flight
Miscellaneous
 O - a fan of gales
Comestibles
 c - 4 bread rations
 g - a beef jerky
 r - 3 meat rations
 D - 8 fruits


   Skills:
 - Level 3.6 Fighting
 + Level 15.6 Axes
 - Level 2.4 Armour
 - Level 2.1 Dodging


You had 8 spell levels left.
You didn't know any spells.

Dungeon Overview and Level Annotations

Branches:
Dungeon (7/15)             Temple (1/1) D:6

Altars:
Ashenzari
Cheibriados
Dithmenos
Elyvilon
Fedhas
Gozag
Kikubaaqudgha
Makhleb
Nemelex Xobeh
Okawaru
Qazlal
Ru
Sif Muna
Xom
Yredelemnul
Zin

Annotations:
D:3 KarvaRausku's ghost, average HuFi


Innate Abilities, Weirdness & Mutations

You reflexively headbutt those who attack you in melee.
You have a pair of horns on your head.


Message History

The orc knight hits you with a broad axe!!
* * * LOW HITPOINT WARNING * * *
A kobold comes into view.
Things that are here:
a hand axe; a dazzling chain mail; a goblin corpse The orc knight barely misses you.
There is an open door here.
A kobold comes into view.
The kobold shouts!
The kobold throws a tomahawk of returning.
The tomahawk of returning hits you but does no damage.
The orc knight roars a battlecry!
You hear a shout!
The orc knight hits you with a broad axe!
* * * LOW HITPOINT WARNING * * *
You see here 2 tomahawks of returning.
You see here a tomahawk of returning.
Items here: ( ) [ ††† The orc knight hits you with a broad axe!
You die...

##.....#### ##.......###
#..∩..((..####
#.........(.((####
#≈≈≈≈≈≈≈≈≈........###
≈≈≈≈≈≈≈≈≈≈≈≈≈≈.(.....##
≈≈#########≈≈≈≈.......## K
.gogKo.#∩≈≈≈≈≈≈≈)...###
#.......####@≈≈≈≈≈≈≈≈≈≈###
####'####..#)oo..≈≈≈≈≈≈≈≈≈≈
.K...K..)).###(...).#≈≈≈≈≈
####'####..#.#(....######
#))#'#.K...(.##
#oK#....⌠.....#
##'#.........##
#..K........##
..............####


You could see an orc knight, an orc warrior (frenzied) and a kobold.

Vanquished Creatures
  3 orc knights (Bailey)
  Eustachio (D:5)
  2 ice beasts (D:7)
  Purgy (D:3)
  An orc warrior (Bailey)
  A phantom (D:5)
  A black bear (D:6)
  A sky beast (D:6)
  An ogre (D:7)
  2 centaurs
  Blork the orc (D:6)
  A giant frog (D:7)
  A big kobold (D:7)
  4 crimson imps
  A goliath beetle (D:6)
  A giant frog skeleton (D:5)
  A hound (D:5)
  3 orc priests
  A centaur skeleton (D:5)
  An iguana (D:4)
  An orc wizard (D:5)
  3 worker ants
  2 gnolls
  4 adders
  A shadow imp (D:6)
  A giant mite (D:4)
  2 worms
  An adder skeleton (D:6)
  3 giant geckos
  An ooze (D:1)
  34 orcs
  A bat skeleton (D:4)
  6 giant cockroaches
  15 hobgoblins
  5 jackals
  25 kobolds
  4 quokkas
  3 ball pythons
  7 bats
  2 giant newts (D:1)
  A giant spore (D:6)
  18 goblins
  A jackal skeleton (D:5)
  A quokka skeleton (D:4)
  A quokka zombie (D:5)
  8 rats
  2 ballistomycetes (D:6)
182 creatures vanquished.

Vanquished Creatures (others)
  An orc warrior (Bailey)
  An ogre (D:6)
2 creatures vanquished.

Grand Total: 184 creatures vanquished

Notes
Turn   | Place    | Note
--------------------------------------------------------------
     0 | D:1      | KarvaRausku, the Minotaur Berserker, began the quest for the Orb.
     0 | D:1      | Reached XP level 1. HP: 19/19 MP: 1/1
    90 | D:1      | Reached skill level 4 in Axes
   199 | D:1      | Reached XP level 2. HP: 24/26 MP: 1/1
   434 | D:1      | Acquired Trog's first power
   434 | D:1      | Reached skill level 5 in Axes
   645 | D:1      | Reached XP level 3. HP: 29/31 MP: 2/2
  1051 | D:2      | Acquired Trog's second power
  1263 | D:3      | Reached XP level 4. HP: 23/39 MP: 2/2
  1320 | D:3      | Noticed KarvaRausku's ghost (average HuFi)
  1509 | D:3      | Reached skill level 6 in Axes
  1567 | D:3      | Found a shattered altar of Ashenzari.
  1611 | D:3      | Noticed Purgy
  1617 | D:3      | Killed Purgy
  1617 | D:3      | Reached skill level 7 in Axes
  1617 | D:3      | Reached XP level 5. HP: 45/45 MP: 2/2
  1957 | D:4      | Reached skill level 8 in Axes
  1999 | D:4      | Found a basalt altar of Yredelemnul.
  2002 | D:4      | Found a sacrificial altar of Ru.
  2306 | D:4      | Reached XP level 6. HP: 51/51 MP: 3/3
  2468 | D:4      | Found a glowing silver altar of Zin.
  2535 | D:5      | Entered Level 5 of the Dungeon
  2702 | D:5      | Reached skill level 9 in Axes
  2753 | D:5      | Reached XP level 7. HP: 35/57 MP: 3/3
  2802 | D:5      | Noticed Eustachio
  2819 | D:5      | Killed Eustachio
  2819 | D:5      | Reached skill level 10 in Axes
  2944 | D:5      | Acquired Trog's third power
  3373 | D:5      | Reached skill level 11 in Axes
  3396 | D:6      | Noticed Blork the orc
  3401 | D:6      | Killed Blork the orc
  3495 | D:6      | Found a deep blue altar of Sif Muna.
  3651 | D:6      | Reached XP level 8. HP: 62/64 MP: 3/3
  3740 | D:6      | Found a staircase to the Ecumenical Temple.
  3746 | D:6      | Reached skill level 12 in Axes
  3754 | Temple   | Entered the Ecumenical Temple
  4664 | D:7      | Reached skill level 13 in Axes
  4862 | D:7      | Found a flagged portal.
  4888 | Bailey   | Entered a bailey
  4903 | Bailey   | Noticed an orc knight
  4905 | Bailey   | Noticed an orc knight
  4907 | Bailey   | Noticed an orc knight
  4916 | Bailey   | Noticed an orc knight
  4932 | Bailey   | Killed an orc knight
  4932 | Bailey   | Reached skill level 14 in Axes
  4932 | Bailey   | Reached XP level 9. HP: 54/70 MP: 4/4
  4993 | Bailey   | Killed an orc knight
  4993 | Bailey   | Reached skill level 15 in Axes
  4997 | Bailey   | Killed an orc knight
  5014 | Bailey   | Slain by an orc knight

Action                   |  1- 3 |  4- 6 |  7- 9 || total
-------------------------+-------+-------+-------++-------
Melee: Hand axe          |    96 |    92 |       ||   188
       War axe           |       |    23 |   113 ||   136
       Battleaxe         |       |       |    88 ||    88
Throw: Javelin           |     1 |       |     1 ||     2
Invok: Berserk           |     1 |     2 |     1 ||     4
Evoke: Rod               |       |     1 |       ||     1
  Use: Scroll            |       |       |    10 ||    10
       Potion            |       |       |     1 ||     1
  Eat: Chunk             |     1 |     8 |    13 ||    22
